 Dungeon Crawl Stone Soup version 0.29.0 (webtiles) character file.

Game seed: 103913516349754637

135 Dorkslayer the Ducker (level 5, -1/37 HPs)
             Began as an Octopode Fighter on Sept 9, 2022.
             Engulfed by a cloud of flame (17 damage)
             ... on level 3 of the Dungeon.
             The game lasted 00:07:15 (2358 turns).

Dorkslayer the Ducker (Octopode Fighter)            Turns: 2358, Time: 00:07:15

Health: -1/37      AC:  1    Str: 17    XL:     5   Next: 18%
Magic:  5/5        EV: 13    Int: 10    God:
Gold:   112        SH:  9    Dex: 12    Spells: 4/4 levels left

rFire   + . .      SeeInvis .   a - +0 long sword
rCold   . . .      Faith    .   b - +0 buckler
rNeg    + . .      Spirit   .   (helmet restricted)
rPois   .          Reflect  +   g - amulet of reflection
rElec   .          Harm     .   j - ring of positive energy
rCorr   .          Rampage  .   p - ring of protection from fire
Will    .....                   (no ring)
Stlth   +++.......              (no ring)
HPRegen 0.12/turn               (no ring)
MPRegen 0.09/turn               (no ring)
                                (no ring)
                                (no ring)

@: no status effects
A: almost no armour, amphibious, 8 rings, camouflage 1, gelatinous body 1,
(nimble swimmer 1), tentacles
a: no special abilities


You were on level 3 of the Dungeon.
You visited 1 branch of the dungeon, and saw 3 of its levels.

You collected 145 gold pieces.
You spent 33 gold pieces at shops.

Inventory:

Hand Weapons
 a - a +0 long sword (weapon)
Armour
 b - a +0 buckler (worn)
Jewellery
 g - an amulet of reflection (around mantle)
 j - a ring of positive energy (left tentacle)
 m - an amulet of magic regeneration
 p - a ring of protection from fire (right tentacle)
Scrolls
 r - a scroll of blinking
 s - 2 scrolls of immolation
Potions
 c - 3 potions of might
 d - a potion of resistance
 e - 3 potions of curing
 f - a potion of brilliance {unknown}
 i - a potion of cancellation
 k - a potion of lignification {unknown}
 l - 2 potions of heal wounds
 o - a potion of berserk rage
 q - a potion of magic {unknown}


   Skills:
 * Level 3.9 Fighting
 + Level 2.9 Long Blades
 + Level 0.2 Throwing
 * Level 3.9 Dodging
 + Level 2.2 Stealth
 + Level 3.1 Shields


You had 4 spell levels left.
You didn't know any spells.
Your spell library contained the following spells:

 Spells                   Type           Power      Damage    Failure   Level
 Magic Dart               Conj           0%         1d3       45%         1
 Gell's Gravitas          Tloc           0%         N/A       83%         3
 Lesser Beckoning         Tloc           0%         N/A       83%         3
 Teleport Other           Tloc           0%         N/A       83%         3


Dungeon Overview and Level Annotations

Branches:
Dungeon (3/15)

Altars:

Shops:
D:1 *!=![


Innate Abilities, Weirdness & Mutations

You cannot wear most types of armour.
You are amphibious.
You can wear up to eight rings at the same time.
Your skin changes colour to match your surroundings (Stealth+).
Your rubbery body absorbs attacks. (AC +1, EV +1)
((You are camouflaged when in or above water. (Stealth+)))
You have tentacles for arms and can constrict up to eight enemies at once.


Message History

The orc explodes!
The fiery explosion engulfs the orc priest!!
The fiery explosion engulfs the orc!!
The orc explodes!
The orc priest explodes!
Unknown command.
Unknown command.
Unknown command.
Unknown command.
Unknown command.
Unknown command.
Throw: 2 darts (poison)
Press: ? - help, Q - select action Shift-Dir - straight line, f - orc priest
Aim: an orc priest, wielding a +0 dagger (inner flame, 56% to hit)
You throw a poisoned dart. The poisoned dart hits the orc priest.
The orc priest is poisoned.
Unknown command.
Unknown command.
Throw: dart (poison)
Press: ? - help, Q - select action Shift-Dir - straight line, f/p - orc priest
Aim: an orc priest, wielding a +0 dagger (inner flame, poisoned, 56% to hit)
You throw a poisoned dart. The poisoned dart hits the orc priest.
The orc priest looks even sicker.
Flame seeps out of the orc priest.
The orc priest is engulfed in blazing flames.
Flame seeps out of the orc priest.
The orc priest is engulfed in poison gas.
The orc priest looks even sicker.
The orc priest explodes!
Your Stealth skill increases to level 2!
You have reached level 5!
You feel agile.
An orc is nearby!
Unknown command.
Unknown command.
You slash the orc!
The orc explodes!
The fiery explosion engulfs you!! You resist.
Ouch! That really hurt!
You are engulfed in blazing flames.
You resist.
You die...

#....#.~.~...# #
######....#....~~.# .#
#.........#.~~~≈.$# .#
#.####.#..#.~.~~~.#. .#
#.# #.#......~~~... ##
#.# #####....≈~.###
######.####$$.##...≈≈$...
........<#.8$8.##..≈≈.##
.......###_))).§@.#≈≈##
######## #$8)8§#### ≈#
##$.$ # ###


There were no monsters in sight!

Vanquished Creatures
  2 orc priests (D:3)
  2 adders
  2 worms (D:2)
  A dart slug (D:1)
  3 orcs (D:3)
  3 bats
  3 endoplasms
  3 giant cockroaches
  6 goblins
  3 hobgoblins
  4 jackals (D:1)
  2 quokkas
  5 ball pythons
  5 frilled lizards
  A kobold (D:1)
  4 rats
49 creatures vanquished.

Vanquished Creatures (others)
  A fungus (D:2)
1 creature vanquished.

Grand Total: 50 creatures vanquished

Notes
Turn   | Place    | Note
-------+----------+-------------------------------------------
     0 | D:1      | Dorkslayer the Octopode Fighter began the quest for the
                  | Orb.
     0 | D:1      | Reached XP level 1. HP: 16/16 MP: 1/1
    68 | D:1      | Found Pougrosh's Distillery.
    80 | D:1      | Reached XP level 2. HP: 21/21 MP: 2/2
   120 | D:1      | Bought a potion of curing for 33 gold pieces
   266 | D:1      | Found Yjioca Tinyu's Antique Armour Shoppe.
   323 | D:1      | Found Uruite's Jewellery Shoppe.
   362 | D:1      | Found Jalaqor's Distillery.
   381 | D:1      | Found Gongev's Assorted Antiques.
   490 | D:1      | Reached XP level 3. HP: 20/26 MP: 3/3
  1143 | D:2      | Found a faded altar of an unknown god.
  1148 | D:2      | Got Plato's Codex of Combat Magic
  1588 | D:2      | Reached XP level 4. HP: 32/32 MP: 4/4
  1619 | D:2      | Reached skill level 1 in Stealth
  2341 | D:3      | Reached XP level 5. HP: 37/37 MP: 5/5
  2358 | D:3      | Engulfed by a cloud of flame

Illustrated notes

Levels and vault maps discovered:
D:1:      dpeg_arrival_radiant, layout_rooms, serial_shops,
          nicolae_shop_behind_doors, nicolae_shop_stone, nicolae_shop_trees,
          nicolae_shop_overgrown_old_shop, nicolae_shop_hallway_plus,
          dreamdust_wishing_well, kennysheep_flooded_box
D:2:      layout_basic, shapermc_ecumenical_altar_rom_forum,
          serial_co_window_serial, co_window_paths_a, co_window_corner_a,
          co_window_paths_b, co_window_paths_a, co_window_paths_a,
          co_window_cross_1, co_window_cross_1, co_window_of_opportunity_a,
          co_window_paths_a, co_window_paths_c, co_window_of_opportunity_c,
          co_window_corner_cb
D:3:      minmay_chambers_of_twos, layout_loops_ring, serial_rivers,
          chequers_serial_rivers_large_a, chequers_serial_rivers_micro_c,
          chequers_serial_rivers_small_3, chequers_serial_rivers_micro_e,
          biasface_ghost_orc_armoury, chequers_serial_rivers_micro_d,
          nicolae_concentric_dashed_squares_mild, corner_web_ring,
          kennysheep_orc_chapel

Skill      XL: |  1  2  3  4 |
---------------+-------------+-----
Stealth        | 2 |  2.2
Fighting       | |  3.9
Long Blades    | |  2.9
Throwing       | |  0.2
Dodging        | |  3.9
Shields        | |  3.1

Action                   |  1- 3 |  4- 6 || total
-------------------------+-------+-------++-------
Melee: Long sword        |    67 |    12 ||    79
       Constrict         |    22 |     2 ||    24
       Tentacles         |    13 |     3 ||    16
       Punch             |     1 |       ||     1
Throw: Dart              |     2 |     4 ||     6
  Use: Scroll            |       |    10 ||    10
 Stab: Sleeping          |     5 |       ||     5
Armor: Skin              |     8 |     1 ||     9
Dodge: Dodged            |    41 |     4 ||    45
Block: Buckler           |     7 |     3 ||    10
